 Dungeon Crawl Stone Soup version 0.29.1-13-g9f3cf754e1 (webtiles) character file.

Game seed: 11178720555929765765

3069 nshep25 the Cleaver (level 9, -1/78 HPs)
             Began as a Minotaur Fighter on Feb 1, 2023.
             Slain by a gargoyle
             ... wielding a +2 antimagic mace
              (14 damage)
             ... on level 7 of the Dungeon.
             The game lasted 00:08:41 (6697 turns).

nshep25 the Cleaver (Minotaur Fighter)              Turns: 6697, Time: 00:08:42

Health: -1/78      AC: 18    Str: 31    XL:     9   Next: 58%
Magic:  3/8        EV:  8    Int:  5    God:
Gold:   374        SH: 10    Dex: 10    Spells: 8/8 levels left

rFire   . . .      SeeInvis +   a - +0 war axe
rCold   . . .      Faith    .   c - +0 buckler
rNeg    . . .      Spirit   .   B - +0 plate armour
rPois   .          Reflect  +   (helmet restricted)
rElec   .          Harm     .   E - +0 cloak
rCorr   .          Rampage  .   x - +2 pair of gloves
Will    .....                   (no boots)
Stlth   ..........              h - amulet of reflection
HPRegen 0.23/turn               A - +6 ring of strength
MPRegen 0.11/turn               C - ring of see invisible

@: no status effects
A: horns 2, retaliatory headbutt
a: no special abilities


You were on level 7 of the Dungeon.
You visited 2 branches of the dungeon, and saw 8 of its levels.

You collected 374 gold pieces.

Inventory:

Hand Weapons
 a - a +0 war axe (weapon)
Missiles
 q - 2 javelins (quivered)
Armour
 b - a +0 scale mail
 c - a +0 buckler (worn)
 s - a +0 chain mail
 x - a +2 pair of gloves (worn)
 B - a +0 plate armour (worn)
 E - a +0 cloak (worn)
Jewellery
 h - an amulet of reflection (around neck)
 A - a +6 ring of strength (left hand)
 C - a ring of see invisible (right hand)
Wands
 y - a wand of mindburst (12)
 D - a wand of light (3)
Scrolls
 k - 4 scrolls of identify {unknown}
 l - a scroll of blinking {unknown}
 m - a scroll of poison {unknown}
 n - 2 scrolls of enchant armour {unknown}
 u - 3 scrolls of noise {unknown}
 v - 2 scrolls of teleportation {unknown}
 w - 2 scrolls of amnesia {unknown}
 F - a scroll of magic mapping {unknown}
 G - a scroll of fear {unknown}
Potions
 d - a potion of might
 e - a potion of brilliance {unknown}
 f - 3 potions of heal wounds {unknown}
 g - a potion of flight {unknown}
 i - 2 potions of invisibility {unknown}
 j - 3 potions of curing
 o - 2 potions of attraction {unknown}
 p - 3 potions of degeneration {unknown}
 r - a potion of haste {unknown}
 t - a potion of ambrosia {unknown}
 z - 3 potions of lignification {unknown}


   Skills:
 + Level 6.6 Fighting
 + Level 11.1 Axes
 + Level 2.3 Throwing
 + Level 7.8 Armour
 + Level 1.5 Dodging
 + Level 1.2 Stealth
 + Level 7.4 Shields


You had 8 spell levels left.
You didn't know any spells.
Your spell library contained the following spells:

 Spells                   Type           Power      Damage    Failure   Level
 Apportation              Tloc           0%         N/A       99%         1
 Magic Dart               Conj           0%         1d3       99%         1
 Slow                     Hex            0%         N/A       99%         1
 Summon Small Mammal      Summ           0%         N/A       99%         1
 Call Imp                 Summ           0%         N/A       100%        2
 Call Canine Familiar     Summ           0%         N/A       100%        3
 Confusing Touch          Hex            0%         N/A       100%        3
 Mephitic Cloud           Conj/Pois/Air  0%         N/A       100%        3
 Summon Guardian Golem    Hex/Summ       0%         N/A       100%        3
 Vampiric Draining        Necr           0%         2d6       100%        3
 Alistair's Intoxication  Tmut/Pois      0%         N/A       100%        5


Dungeon Overview and Level Annotations

Branches:
Dungeon (7/15)             Temple (1/1) D:7

Altars:
Ashenzari
Cheibriados
Dithmenos
Elyvilon
Fedhas
Hepliaklqana
Kikubaaqudgha
Makhleb
Nemelex Xobeh
Okawaru
Qazlal
Ru
Sif Muna
Trog
Uskayaw
Vehumet
Wu Jian
Xom
Yredelemnul
Zin
The Shining One

Shops:
D:3 (


Innate Abilities, Weirdness & Mutations

You have a pair of horns on your head.
You reflexively headbutt those who attack you in melee.


Message History

You start waiting.
Done waiting.
You see here a sky beast corpse.
There is a stone staircase leading down here.
You climb downwards.
Level annotation: Menkaure
There is a stone staircase leading up here.
You hit Menkaure.
You headbutt Menkaure, but do no damage.
Menkaure is lightly damaged.
Menkaure calls on the powers of darkness!
Your body is wracked with pain!
You slash Menkaure!
Menkaure is severely damaged.
Menkaure barely misses you.
You barely miss Menkaure.
Menkaure is severely damaged.
Menkaure casts a spell.
Menkaure seems to speed up.
You slash Menkaure!
You destroy Menkaure!
There is a stone staircase leading up here.
You completely miss the gargoyle. Your headbutt misses the gargoyle.
The gargoyle hurls a stone arrow at you.
The stone arrow hits you!!
* * * LOW HITPOINT WARNING * * *
You hit the gargoyle. Your headbutt misses the gargoyle.
The gargoyle is lightly damaged.
You block the gargoyle's attack.
You hit the gargoyle but do no damage.
The gargoyle is lightly damaged.
The gargoyle hits you but does no damage.
You slash the gargoyle!
The gargoyle is heavily damaged.
The gargoyle hits you with a +2 antimagic mace!
* * * LOW HITPOINT WARNING * * *
You feel your power leaking away.
It was a potion of curing.
You feel better.
The gargoyle hits you with a +2 antimagic mace!
You die...

#..................
....................
##...##..............
#)..#####........... #...#
##M.......... #...#
##............
#...###.9...........
#...##..#..........[
#..@.#Y#............
##..#9#.....##.......
###...#............###.
####...#.......#.#..### #.
#..[)#.....#####.#.## ..
#....#..#.#####..#..####..
#...[..##.#........>..(...
#..........).......#####.>
#......###......[..#


You could see a gargoyle.

Vanquished Creatures
  Prince Ribbit (D:5)
  Sigmund (D:6)
  2 steam dragons (D:6)
  Menkaure (D:7)
  2 water moccasins (D:6)
  2 sky beasts (D:6)
  A black bear (D:6)
  An ogre (D:6)
  4 ice beasts
  2 centaurs (D:7)
  2 phantoms
  A gnoll sergeant (D:7)
  2 necrophages
  A scorpion (D:4)
  5 wights (D:6)
  4 hounds
  An orc priest (D:7)
  Crazy Yiuf (D:5)
  5 iguanas
  Ijyb (D:5)
  An orc wizard (D:3)
  11 gnolls
  6 adders
  A white imp (D:6)
  An ufetubus (D:5)
  2 worms
  A dart slug (D:1)
  8 orcs
  5 ball pythons
  5 bats
  7 endoplasms
  5 giant cockroaches
  5 goblins
  6 hobgoblins
  3 jackals (D:1)
  8 kobolds
  4 quokkas
  3 frilled lizards
  7 rats
129 creatures vanquished.

Vanquished Creatures (others)
  4 fungi (D:5)
4 creatures vanquished.

Grand Total: 133 creatures vanquished

Notes
Turn   | Place    | Note
-------+----------+-------------------------------------------
     0 | D:1      | nshep25 the Minotaur Fighter began the quest for the Orb.
     0 | D:1      | Reached XP level 1. HP: 19/19 MP: 0/0
   180 | D:1      | Reached XP level 2. HP: 21/27 MP: 1/1
   677 | D:1      | Reached XP level 3. HP: 33/33 MP: 2/2
   915 | D:1      | Reached skill level 3 in Axes
  1074 | D:2      | Found a bloodstained altar of Trog.
  1590 | D:2      | Found a faded altar of an unknown god.
  1596 | D:2      | Reached XP level 4. HP: 40/40 MP: 3/3
  1943 | D:3      | Identified the +1 helmet of Ucsuhir {rPois rF- rC- Str+7}
  1972 | D:3      | Reached skill level 4 in Axes
  2148 | D:3      | Reached XP level 5. HP: 32/47 MP: 4/4
  2339 | D:3      | Found Jiuley's Weapon Boutique.
  2531 | D:4      | Reached skill level 5 in Axes
  2877 | D:4      | Reached XP level 6. HP: 38/53 MP: 5/5
  2983 | D:4      | Found a broken altar of Ashenzari.
  3379 | D:4      | Reached skill level 1 in Throwing
  3544 | D:5      | Entered Level 5 of the Dungeon
  3556 | D:5      | Reached skill level 6 in Axes
  3696 | D:5      | Reached skill level 5 in Armour
  3745 | D:5      | Noticed Ijyb
  3767 | D:5      | Killed Ijyb
  3768 | D:5      | Reached skill level 1 in Stealth
  3768 | D:5      | Reached XP level 7. HP: 57/60 MP: 6/6
  3837 | D:5      | Noticed Prince Ribbit
  3852 | D:5      | Killed Prince Ribbit
  3853 | D:5      | Reached skill level 5 in Fighting
  3853 | D:5      | Reached skill level 7 in Axes
  3853 | D:5      | Reached skill level 1 in Dodging
  3853 | D:5      | Reached skill level 5 in Shields
  4486 | D:5      | Found a runed translucent door.
  4487 | D:5      | Noticed Crazy Yiuf
  4494 | D:5      | Killed Crazy Yiuf
  4495 | D:5      | Reached XP level 8. HP: 68/68 MP: 7/7
  4657 | D:6      | Reached skill level 8 in Axes
  4929 | D:6      | Found a burning altar of Makhleb.
  4983 | D:6      | Reached skill level 9 in Axes
  5004 | D:6      | Reached XP level 9. HP: 57/75 MP: 8/8
  5353 | D:6      | Noticed Sigmund
  5361 | D:6      | Killed Sigmund
  5362 | D:6      | Reached skill level 10 in Axes
  5852 | D:6      | Found a hazy altar of Hepliaklqana.
  5852 | D:6      | Found a white marble altar of Elyvilon.
  5852 | D:6      | Found a shadowy altar of Dithmenos.
  5937 | D:7      | Found a sparkling altar of Nemelex Xobeh.
  6002 | D:7      | Found a staircase to the Ecumenical Temple.
  6013 | Temple   | Entered the Ecumenical Temple
  6298 | D:7      | Noticed Menkaure
  6299 | D:7      | Noticed a gargoyle
  6581 | D:6      | Reached skill level 11 in Axes
  6691 | D:7      | Killed Menkaure
  6696 | D:7      | HP: 3/78 [gargoyle/+2 antimagic mace (8)]
  6697 | D:7      | Slain by a gargoyle

Illustrated notes

Levels and vault maps discovered:
D:1:      wander_arrival_lonely_grave, layout_loops_corners
D:2:      layout_loops_corners, basic_altar,
          shapermc_ecumenical_altar_mp_highgroup
D:3:      layout_rooms, serial_shops, nicolae_shop_behind_doors, hex_medium
D:4:      layout_basic, mainiacjoe_overflow_brackets, roderic_lattice_a
D:5:      layout_loops_ring, uniq_prince_ribbit1, uniq_crazy_yiuf_cottage,
          uniq_ijyb
D:6:      cheibrodos_steamvent, layout_basic, mainiacjoe_overflow_tiny_flanked,
          gammafunk_temple_overflow_claw, nrook_uturn,
          kennysheep_generic_room_5, uniq_sigmund
D:7:      layout_rooms, nemelex_xobeh_ov_fountains_minmay,
          minmay_temple_entry_proselytizer, serial_shops,
          nicolae_shop_hallway_plus, dreamdust_mushroom_princess,
          nicolae_benzene_ring, uniq_menkaure
Temple:   bh_familiar_temple

Skill      XL: |  1  2  3  4  5  6  7  8  9 |
---------------+----------------------------+-----
Fighting       | 4 5 6 |  6.6
Shields        | 4 5 6 7 |  7.4
Armour         | 4 5 7 |  7.8
Axes           | 3 4 5 6 7 9 11 | 11.1
Throwing       | 1 2 |  2.3
Stealth        | 1 |  1.2
Dodging        | 1 |  1.5

Action                   |  1- 3 |  4- 6 |  7- 9 || total
-------------------------+-------+-------+-------++-------
Melee: War axe           |    81 |   102 |   178 ||   361
       Headbutt          |    11 |    16 |    40 ||    67
Throw: Boomerang         |       |    27 |       ||    27
       Javelin           |       |     3 |       ||     3
  Use: Potion            |       |       |     1 ||     1
Armor: Scale mail        |    42 |    33 |       ||    75
       Plate armour      |       |    12 |    85 ||    97
       Chain mail        |       |     3 |       ||     3
Dodge: Dodged            |    43 |    44 |    43 ||   130
Block: Buckler           |    27 |    61 |    70 ||   158
       Reflection        |       |       |     1 ||     1
